AoeStats
← 騷護士

African Clearing

510747689Analyzed
4v4 RM · 9h ago on Oct 2, 2026· 46m 34s· 8 players
Game mode
Random Map
Map size
Large (8 player)
Population
200
Speed
Normal
Resources
Standard
Victory
Conquest
Starting age
Dark Age
Ending age
Imperial Age
RankedLock teamsTeams togetherTeam positionsShared explorationLock speedFull tech treeHidden civsTurbo modeCheats
Victory
Defeat
🇨🇳 Maya · China
1570
+17
🇨🇳 Khmer · China
1569
+17
🇨🇳 Persians · China
1569
+17
🇭🇰 Spanish · Hong Kong SAR China
1539
+18
🇩🇪 Hindustanis · Germany
1640
-18
🇦🇷 Mongols · Argentina
1622
-19
🇲🇽 Malay · Mexico
1549
-16
🇹🇼 Varangians · Taiwan
1548
-16
大平果是小菜鸡父亲
6:57 Loom
13:07 Feudal Age
17:10 Castle Age
15:02 Double-Bit Axe
15:45 Horse Collar
17:28 Town Watch
18:29 Bow Saw
19:05 Wheelbarrow
21:06 Heavy Plow
22:33 Gold Mining
23:24 Husbandry
24:00 Bloodlines
24:15 Padded Archer Armor
26:36 Leather Archer Armor
36:47 Imperial Age
34:14 Fletching
34:46 Stone Mining
36:50 Stone Shaft Mining
39:13 Two-Man Saw
38:49 Ring Archer Armor
39:24 Chemistry
39:18 Conscription
40:20 Elite Conquistador
42:12 Hand Cart
46:29 Town Patrol
中药人
13:01 Feudal Age
12:59 Loom
17:37 Castle Age
16:18 Double-Bit Axe
16:27 Fletching
17:10 Gold Mining
18:40 Bodkin Arrow
19:43 Town Watch
22:28 Padded Archer Armor
24:08 Ballistics
37:54 Imperial Age
38:19 Thumb Ring
39:25 Wheelbarrow
38:51 Stone Mining
41:59 Chemistry
42:04 Bracer
42:31 Conscription
45:28 Hand Cart
46:27 Leather Archer Armor
46:51 Bow Saw
Dalao
13:59 Feudal Age
16:49 Castle Age
15:43 Loom
15:48 Double-Bit Axe
17:39 Horse Collar
19:22 Scale Barding Armor
20:45 Fletching
25:31 Elite Skirmisher
27:08 Padded Archer Armor
29:09 Bodkin Arrow
30:48 Leather Archer Armor
31:30 Bow Saw
31:44 Ballistics
33:13 Wheelbarrow
33:19 Heavy Plow
38:15 Imperial Age
37:34 Hand Cart
37:48 Gold Mining
39:13 Gold Shaft Mining
39:10 Chain Barding Armor
39:01 Forging
38:31 Cavalier
39:22 Bloodlines
39:12 Husbandry
40:09 Town Watch
41:44 Pikeman
42:47 Scale Mail Armor
43:23 Iron Casting
42:36 Arson
大山鸡
12:58 Feudal Age
16:41 Castle Age
14:51 Double-Bit Axe
14:50 Horse Collar
15:13 Loom
19:24 Wheelbarrow
26:17 Town Watch
26:23 Gold Mining
26:59 Hand Cart
28:35 Heavy Plow
28:46 Bow Saw
31:37 Imperial Age
29:37 Scale Barding Armor
29:49 Fletching
30:10 Forging
29:57 Stone Mining
31:31 Bodkin Arrow
31:56 Chain Barding Armor
31:52 Bloodlines
31:42 Husbandry
34:36 Imperial Age
33:11 Iron Casting
34:10 Town Patrol
35:36 Plate Barding Armor
36:02 Blast Furnace
35:23 Conscription
35:57 Crop Rotation
36:27 Two-Man Saw
36:03 Gold Shaft Mining
36:04 Stone Shaft Mining
35:20 Elite War Elephant
37:04 Ballistics
45:20 Coinage
44:51 Caravan
46:33 Hoardings
45:58 Kamandaran
46:09 Citadels
46:00 Padded Archer Armor
46:01 Scale Mail Armor
47:03 Chemistry
46:14 Masonry
47:09 Banking
46:50 Guilds
46:28 Arson
46:04 Pikeman
46:30 Gambesons
46:46 Squires
46:06 Man-at-Arms
46:38 Heated Shot
46:39 Guard Tower
46:45 Murder Holes
47:00 Clinker Construction
47:01 Careening
46:56 Siphons
gjizhijian6866
12:58 Feudal Age
14:20 Loom
17:03 Castle Age
14:53 Double-Bit Axe
15:33 Gold Mining
17:47 Fletching
17:55 Horse Collar
23:07 Bodkin Arrow
25:25 Padded Archer Armor
26:54 Husbandry
28:47 Leather Archer Armor
30:21 Ballistics
30:13 Bloodlines
31:34 Bow Saw
33:15 Gold Shaft Mining
32:23 Horse Collar
33:00 Town Watch
38:07 Wheelbarrow
42:27 Imperial Age
43:23 Fervor
hellg0lem
13:17 Feudal Age
17:39 Castle Age
16:02 Double-Bit Axe
15:59 Horse Collar
17:29 Loom
18:38 Bow Saw
18:29 Heavy Plow
19:58 Fletching
25:27 Bodkin Arrow
29:38 Wheelbarrow
31:10 Bloodlines
31:07 Scale Barding Armor
34:04 Imperial Age
31:50 Forging
31:37 Gold Mining
31:59 Husbandry
32:22 Chain Barding Armor
32:40 Hand Cart
33:37 Iron Casting
34:08 Heavy Camel Rider
35:24 Plate Barding Armor
35:59 Imperial Camel Rider
37:40 Blast Furnace
36:40 Town Watch
38:30 Gold Shaft Mining
38:02 Light Cavalry
騷護士
7:03 Loom
12:21 Feudal Age
17:29 Castle Age
16:25 Double-Bit Axe
19:31 Wheelbarrow
19:27 Fletching
20:11 Husbandry
24:54 Bloodlines
30:53 Scale Barding Armor
31:45 Vendel Legacy
34:26 Horse Collar
35:10 Forging
35:26 Chain Barding Armor
36:31 Forging
38:12 Heavy Plow
42:24 Imperial Age
42:18 Hand Cart
43:47 Plate Barding Armor
42:46 Cavalier
45:26 Iron Casting
[DH]Misratronic
6:48 Loom
14:40 Feudal Age
19:15 Castle Age
17:54 Fishing Lines
18:46 Double-Bit Axe
19:05 Squires
23:30 Forging
24:52 Fletching
28:36 Wheelbarrow
27:46 Town Watch
32:45 Bodkin Arrow
34:32 Hand Cart
34:04 Town Watch
35:52 Bow Saw
39:54 Imperial Age
38:04 Arson
39:40 Iron Casting
39:00 Horse Collar
39:57 Gillnets
39:40 Capped Ram
40:26 Elite Karambit Warrior
41:48 Heavy Plow
41:41 Stone Mining
41:44 Gold Mining
43:01 Conscription
44:27 Pikeman
44:59 Halberdier
Connection lost

Rejoining the realm…

Still unreachable

The connection could not be restored.

Session expired

The server has moved on; the page needs a fresh start.